[Event "Eurasia Open Cup 2019"]
[Site "Ekaterinburg"]
[Date "2019.08.08"]
[Round "8.27"]
[White "Vokhidov, Shamsiddin"]
[Black "Tyurin, Ilya"]
[Result "1-0"]
[ECO "A08"]
[WhiteElo "2515"]
[BlackElo "2168"]
[Annotator "ChessBase"]
[PlyCount "106"]
[EventDate "2019.07.31"]
[EventType "swiss"]
[EventCountry "RUS"]
[SourceTitle "playchess.com"]
[Source "ChessBase"]
[SourceQuality "1"]
[TimeControl "5400+30"]

1. e4 e6 2. Qe2 c5 3. Nf3 Nc6 4. g3 Nge7 5. Bg2 g6 6. O-O Bg7 7. c3 O-O 8. d3 d5 9. e5 Nf5 10. Bf4 f6 11. exf6 Bxf6 12. Re1 g5 13. Be5 Bd7 14. Nbd2 g4 15. Bxf6 Qxf6 16. Ne5 Nxe5 17. Qxe5 Ng7 18. f3 h5 19. Qd6 Bb5 20. Qxc5 Bxd3 21. f4 Bf5 22. Nb3 Rfc8 23. Qb5 Ne8 24. Nd4 Nd6 25. Qb4 Ne4 26. Rad1 Bg6 27. f5 exf5 28. Qxb7 Rd8 29. Nc6 Re8 30. Nb4 Qb6+ 31. Qxb6 axb6 32. Nxd5 Re5 33. a3 b5 34. Rd4 Kg7 35. Nf4 Rae8 36. Rd7+ R8e7 37. Rxe7+ Rxe7 38. Bxe4 Bf7 39. Kf2 fxe4 40. Ke3 Rd7 41. Rf1 Bc4 42. Rf2 Kh6 43. Rd2 Bd3 44. Nxd3 exd3 45. Rxd3 Re7+ 46. Kd2 Re5 47. b3 Rc5 48. Rd4 Rf5 49. Rf4 Re5 50. c4 bxc4 51. Rxc4 Rf5 52. Rf4 Ra5 53. a4 Rd5+ 1-0

[Event "Eurasia Open Cup 2019"]
[Site "Ekaterinburg"]
[Date "2019.08.08"]
[Round "8.28"]
[White "Kostenko, Petr"]
[Black "Iljushina, Olga"]
[Result "1-0"]
[ECO "A06"]
[WhiteElo "2471"]
[BlackElo "2208"]
[Annotator "ChessBase"]
[PlyCount "69"]
[EventDate "2019.07.31"]
[EventType "swiss"]
[EventCountry "RUS"]
[SourceTitle "playchess.com"]
[Source "ChessBase"]
[SourceQuality "1"]
[TimeControl "5400+30"]

1. Nf3 c5 2. e3 d5 3. b3 Nc6 4. Bb2 Qc7 5. c4 e6 6. Be2 dxc4 7. bxc4 Nf6 8. Nc3 Be7 9. Qc2 O-O 10. h4 Rd8 11. a3 Qd7 12. O-O-O e5 13. Ng5 Qf5 14. Nce4 Nxe4 15. Nxe4 h6 16. g4 Qg6 17. Rdg1 b5 18. cxb5 Na5 19. Bc3 Bb7 20. f3 Bxe4 21. Qxe4 Qb6 22. g5 c4 23. gxh6 Bxa3+ 24. Kd1 Bf8 25. Qxe5 f6 26. Qe4 Qxb5 27. Rxg7+ Bxg7 28. Rg1 Rd7 29. Bxa5 Rc8 30. Bc3 f5 31. Qe6+ Kh7 32. Qg6+ Kg8 33. h7+ Kf8 34. Bxg7+ Ke7 35. Qf6+ 1-0

[Event "Eurasia Open Cup 2019"]
[Site "Ekaterinburg"]
[Date "2019.08.08"]
[Round "8.29"]
[White "Kopylov, Alexander A."]
[Black "Fokin, Sergey"]
[Result "1-0"]
[ECO "D78"]
[WhiteElo "2410"]
[BlackElo "2189"]
[Annotator "NA"]
[PlyCount "64"]
[EventDate "2019.07.31"]
[EventType "swiss"]
[EventCountry "RUS"]
[SourceTitle "playchess.com"]
[Source "ChessBase"]
[SourceQuality "1"]
[TimeControl "5400+30"]

1. d4 Nf6 2. g3 d5 3. c4 c6 4. Nf3 g6 5. Qa4 dxc4 6. Qxc4 Bg7 7. Bg2 O-O 8. O-O Bf5 9. e3 Nbd7 10. Nc3 Ne4 11. Nh4 Nd6 12. Qe2 e5 13. dxe5 Nxe5 14. Nxf5 Nxf5 15. Rd1 Qe7 16. e4 Nh6 17. h3 Rfd8 18. Be3 Nd7 19. f4 Nb6 20. g4 f6 21. a4 Rxd1+ 22. Rxd1 Qe6 23. Bf1 Nf7 24. a5 Nc8 25. Qc4 Qe8 26. b4 Bf8 27. e5 fxe5 28. Ne4 Kh8 29. Nf6 Qe7 30. Rd7 Qxf6 31. Rxf7 Qd8 32. fxe5 Bg7 1-0

[Event "Eurasia Open Cup 2019"]
[Site "Ekaterinburg"]
[Date "2019.08.08"]
[Round "8.30"]
[White "Navrodskiy, Boris"]
[Black "Bivol, Alina"]
[Result "0-1"]
[ECO "D85"]
[WhiteElo "2223"]
[BlackElo "2391"]
[Annotator "NA"]
[PlyCount "140"]
[EventDate "2019.07.31"]
[EventType "swiss"]
[EventCountry "RUS"]
[SourceTitle "playchess.com"]
[Source "ChessBase"]
[SourceQuality "1"]
[TimeControl "5400+30"]

1. d4 Nf6 2. c4 g6 3. Nc3 d5 4. cxd5 Nxd5 5. Bd2 Nb6 6. Bg5 Bg7 7. e3 h6 8. Bh4 c5 9. dxc5 Bxc3+ 10. bxc3 Qxd1+ 11. Rxd1 N6d7 12. Bb5 a6 13. Ba4 Nc6 14. Rd5 g5 15. Bg3 Nf6 16. Bxc6+ bxc6 17. Rd4 Be6 18. c4 Nd7 19. Nf3 Ra7 20. O-O Rb7 21. Ne5 Nxe5 22. Bxe5 f6 23. Bg3 Kf7 24. Rc1 Rb2 25. Ra1 Rb7 26. Rc1 Ra8 27. h4 Rb2 28. Ra1 Ra7 29. a4 Rab7 30. a5 Rc2 31. hxg5 hxg5 32. Rdd1 Rxc4 33. Rdc1 Rcb4 34. Rc3 Rd7 35. Rcc1 Rb5 36. e4 Rdb7 37. Rc2 Rb4 38. f3 g4 39. Be1 Rd4 40. Rac1 Rd3 41. Rc3 Rd8 42. R3c2 gxf3 43. gxf3 Rb3 44. Kf2 Rh8 45. Bc3 Rh5 46. Kg2 Rg5+ 47. Kf2 Rxc5 48. Bd2 Rh5 49. Kg2 c5 50. Rh1 Rxh1 51. Kxh1 Rd3 52. Kg1 Bb3 53. Rc3 Rxd2 54. Rxb3 Ra2 55. Rb6 Rxa5 56. Kf2 Ke8 57. Kg3 Kd7 58. Rb7+ Kd6 59. Rb6+ Kc7 60. Re6 Kd7 61. Rb6 Ra3 62. Kg4 a5 63. f4 c4 64. Kf5 Rb3 65. Ra6 Rb5+ 66. e5 c3 67. Ra7+ Kc8 68. Ra8+ Kb7 69. Re8 c2 70. Rxe7+ Kc8 0-1

[Event "Eurasia Open Cup 2019"]
[Site "Ekaterinburg"]
[Date "2019.08.08"]
[Round "8.31"]
[White "Polosin, Evgeni"]
[Black "Dilmukhametov, Artur"]
[Result "1-0"]
[ECO "C06"]
[WhiteElo "2153"]
[BlackElo "2346"]
[Annotator "NA"]
[PlyCount "89"]
[EventDate "2019.07.31"]
[EventType "swiss"]
[EventCountry "RUS"]
[SourceTitle "playchess.com"]
[Source "ChessBase"]
[SourceQuality "1"]
[TimeControl "5400+30"]

1. e4 e6 2. d4 d5 3. Nd2 Nf6 4. Bd3 c5 5. e5 Nfd7 6. c3 Nc6 7. Ne2 cxd4 8. cxd4 f6 9. exf6 Nxf6 10. Nf3 Bd6 11. O-O O-O 12. Ng3 Bd7 13. a3 a5 14. Bc2 Qb6 15. Bg5 Ne7 16. Ne5 Bb5 17. Re1 a4 18. Nh5 Bxe5 19. Rxe5 Ng6 20. Bxf6 gxf6 21. Bxg6 hxg6 22. Qg4 Kf7 23. Nf4 Rg8 24. Rxe6 Qd8 25. Re3 Qd6 26. Qf3 Rge8 27. Qxd5+ Qxd5 28. Nxd5 Rad8 29. Nc3 Bc4 30. Rae1 Rxe3 31. fxe3 b5 32. Rd1 f5 33. Kf2 Rb8 34. Rd2 Bb3 35. e4 fxe4 36. Nxe4 b4 37. axb4 Rxb4 38. Ke3 Ke6 39. Nc3 Rc4 40. d5+ Ke5 41. d6 Rc8 42. d7 Rd8 43. Ne4 Bd5 44. Nc5 g5 45. Nxa4 1-0

[Event "Eurasia Open Cup 2019"]
[Site "Ekaterinburg"]
[Date "2019.08.08"]
[Round "8.32"]
[White "Klukin, Kirill"]
[Black "Safin, Robert"]
[Result "1-0"]
[ECO "E61"]
[WhiteElo "2325"]
[BlackElo "2188"]
[Annotator "NA"]
[PlyCount "105"]
[EventDate "2019.07.31"]
[EventType "swiss"]
[EventCountry "RUS"]
[SourceTitle "playchess.com"]
[Source "ChessBase"]
[SourceQuality "1"]
[TimeControl "5400+30"]

1. Nf3 Nf6 2. d4 g6 3. e3 Bg7 4. Be2 O-O 5. O-O d6 6. c4 Nbd7 7. Nc3 e5 8. Qc2 Re8 9. b4 exd4 10. Nxd4 Nf8 11. Bb2 Ne6 12. Nb3 Ng5 13. Rad1 Bf5 14. Qc1 Nfe4 15. Nxe4 Bxb2 16. Qxb2 Nxe4 17. Bd3 Bd7 18. c5 Qe7 19. Bxe4 Qxe4 20. Rd4 Qe5 21. cxd6 cxd6 22. Qd2 Bc6 23. Na5 Rad8 24. Nxc6 bxc6 25. Rc1 Qb5 26. Rxd6 Rxd6 27. Qxd6 Qe2 28. Qxc6 Rd8 29. h4 Qxa2 30. Qc7 Re8 31. Qf4 h5 32. Rc7 Rf8 33. Kh2 a5 34. Ra7 a4 35. b5 a3 36. Qb4 Qb2 37. Qc4 Qe5+ 38. g3 Qf6 39. Kg2 Qb2 40. Ra6 Kh7 41. Qd5 Kh6 42. g4 hxg4 43. h5 Qe2 44. Rxa3 f5 45. Ra2 Qf3+ 46. Qxf3 gxf3+ 47. Kxf3 Kxh5 48. b6 Rb8 49. Rb2 Rb7 50. Kf4 Kh4 51. Ke5 Kg4 52. f4 Kf3 53. Rb3 1-0

[Event "Eurasia Open Cup 2019"]
[Site "Ekaterinburg"]
[Date "2019.08.08"]
[Round "8.33"]
[White "Pozin, Sergey"]
[Black "Kavyev, Ruslan"]
[Result "0-1"]
[ECO "D85"]
[WhiteElo "2299"]
[BlackElo "2167"]
[Annotator "NA"]
[PlyCount "126"]
[EventDate "2019.07.31"]
[EventType "swiss"]
[EventCountry "RUS"]
[SourceTitle "playchess.com"]
[Source "ChessBase"]
[SourceQuality "1"]
[TimeControl "5400+30"]

1. d4 Nf6 2. Nf3 g6 3. c4 Bg7 4. Nc3 d5 5. cxd5 Nxd5 6. e4 Nxc3 7. bxc3 c5 8. Rb1 O-O 9. Be2 Qc7 10. O-O b6 11. Bg5 Bb7 12. d5 Bxc3 13. Qa4 Bf6 14. Bxf6 exf6 15. Rbd1 a6 16. e5 fxe5 17. Qh4 f6 18. Qg3 Qg7 19. Nd2 Bxd5 20. Nc4 Bxc4 21. Bxc4+ Kh8 22. Rd6 b5 23. Be6 a5 24. Qe3 Ra6 25. Qxc5 Qe7 26. Rfd1 Rxd6 27. Qxd6 Qxd6 28. Rxd6 Kg7 29. g4 b4 30. h4 Re8 31. Kg2 Kh6 32. Bd5 Kg7 33. Be6 Kf8 34. Bb3 Ke7 35. Re6+ Kd7 36. Rxf6 Re7 37. g5 Kc7 38. Ba4 Kb7 39. Bb5 Nd7 40. Rc6 e4 41. Rc4 Nb6 42. Bc6+ Kc7 43. Rxe4 Rxe4 44. Bxe4 a4 45. h5 b3 46. Bb1 Nd5 47. a3 Nf4+ 48. Kf3 Nxh5 49. Ke4 Kd6 50. Kd4 Nf4 51. Kc4 Nd5 52. Kd4 Nf4 53. Kc4 Ke5 54. Kb4 Kd4 55. Kxa4 Kc4 56. Be4 Ne2 57. Bd3+ Kc3 58. Be4 Nd4 59. f4 Kc4 60. Ka5 b2 61. Kb6 Kb3 62. Bb1 Kxa3 63. Bd3 Kb3 0-1

[Event "Eurasia Open Cup 2019"]
[Site "Ekaterinburg"]
[Date "2019.08.08"]
[Round "8.34"]
[White "Inozemtsev, Sergei"]
[Black "Nosacheva, Mariya"]
[Result "1/2-1/2"]
[ECO "C68"]
[WhiteElo "2295"]
[BlackElo "2150"]
[Annotator "NA"]
[PlyCount "75"]
[EventDate "2019.07.31"]
[EventType "swiss"]
[EventCountry "RUS"]
[SourceTitle "playchess.com"]
[Source "ChessBase"]
[SourceQuality "1"]
[TimeControl "5400+30"]

1. e4 e5 2. Nf3 Nc6 3. Bb5 a6 4. Bxc6 dxc6 5. O-O Ne7 6. d4 exd4 7. Nxd4 Ng6 8. Nc3 Bd6 9. f4 c5 10. Nde2 f6 11. Be3 Bd7 12. Qd5 Bc6 13. Qh5 O-O 14. Bxc5 f5 15. Bxd6 Qxd6 16. Rad1 Qe7 17. e5 Nh4 18. Rf2 Rad8 19. Rd3 Be8 20. Qg5 Qxg5 21. fxg5 Bc6 22. Nd4 Bxg2 23. Nxf5 Nxf5 24. Rxf5 Bc6 25. Rf2 Rde8 26. Re3 Rxf2 27. Kxf2 Kf7 28. Kg3 Rd8 29. Rd3 Re8 30. Kf4 Ke6 31. Rh3 Rf8+ 32. Kg4 Kxe5 33. Re3+ Kd6 34. Kg3 Rf1 35. h4 Rg1+ 36. Kf4 Rf1+ 37. Kg3 Rg1+ 38. Kf4 1/2-1/2

[Event "Eurasia Open Cup 2019"]
[Site "Ekaterinburg"]
[Date "2019.08.08"]
[Round "8.35"]
[White "Miroshnik, Ekaterina"]
[Black "Matsenko, Andrei"]
[Result "1/2-1/2"]
[ECO "A55"]
[WhiteElo "2103"]
[BlackElo "2293"]
[Annotator "NA"]
[PlyCount "83"]
[EventDate "2019.07.31"]
[EventType "swiss"]
[EventCountry "RUS"]
[SourceTitle "playchess.com"]
[Source "ChessBase"]
[SourceQuality "1"]
[TimeControl "5400+30"]

1. d4 Nf6 2. c4 d6 3. Nf3 Nbd7 4. Nc3 e5 5. e4 c6 6. g3 Be7 7. Bg2 O-O 8. O-O a6 9. Qc2 b5 10. dxe5 dxe5 11. Rd1 Qb6 12. a3 bxc4 13. Nd2 Bc5 14. Nxc4 Qa7 15. Be3 Bxe3 16. Nxe3 Nc5 17. b4 Ne6 18. Ne2 a5 19. Qb2 Ba6 20. Nc1 Qc7 21. Nb3 axb4 22. axb4 Bb5 23. Na5 Rfd8 24. Kh1 Nd4 25. Nf5 Nxf5 26. exf5 e4 27. Rac1 h5 28. Qc3 Rxd1+ 29. Rxd1 Rd8 30. Rxd8+ Qxd8 31. h3 h4 32. g4 Qd1+ 33. Kh2 Qd6+ 34. Kh1 Nd5 35. Qd4 e3 36. fxe3 Qg3 37. Nc4 Nxb4 38. Ne5 Nd5 39. Nxf7 Nxe3 40. Qd8+ Kxf7 41. Qd7+ Kf8 42. Qd8+ 1/2-1/2

[Event "Eurasia Open Cup 2019"]
[Site "Ekaterinburg"]
[Date "2019.08.08"]
[Round "8.36"]
[White "Pogorelskikh, Sergey"]
[Black "Dubnikova, Anastasia"]
[Result "0-1"]
[ECO "C16"]
[WhiteElo "2284"]
[BlackElo "1991"]
[Annotator "NA"]
[PlyCount "122"]
[EventDate "2019.07.31"]
[EventType "swiss"]
[EventCountry "RUS"]
[SourceTitle "playchess.com"]
[Source "ChessBase"]
[SourceQuality "1"]
[TimeControl "5400+30"]

1. e4 e6 2. d4 d5 3. Nc3 Bb4 4. e5 b6 5. a3 Bxc3+ 6. bxc3 Ba6 7. Bxa6 Nxa6 8. Qg4 Kf8 9. Ne2 Ne7 10. O-O h5 11. Qf3 c5 12. Bg5 Qe8 13. Nf4 Nf5 14. Nxh5 f6 15. Ng3 fxg5 16. Nxf5 exf5 17. Qxf5+ Kg8 18. f4 gxf4 19. Rxf4 Nc7 20. Raf1 Ne6 21. Rg4 Rh6 22. h3 Qd7 23. Qd3 c4 24. Qe3 Kh7 25. Rg3 Rf8 26. Rgf3 Rxf3 27. Qxf3 Kg8 28. Rf2 Rh4 29. Qg3 Re4 30. Qg6 Nf8 31. Qg3 Qe7 32. Rf6 Qxa3 33. Rd6 Qc1+ 34. Kh2 Qf4 35. Rxd5 Qxg3+ 36. Kxg3 Re3+ 37. Kf4 Rxc3 38. Rd8 Kf7 39. d5 Rxc2 40. Ke4 Re2+ 41. Kd4 b5 42. Rb8 Rd2+ 43. Ke4 Re2+ 44. Kd4 Rxe5 45. Rxb5 Re2 46. g4 c3 47. Kxc3 Re3+ 48. Kd4 Rxh3 49. Rb7+ Kf6 50. g5+ Kg6 51. Rxa7 Nh7 52. d6 Nxg5 53. d7 Rh1 54. Kd5 Rd1+ 55. Kc6 Nf7 56. Kc7 Kf6 57. Ra2 Rc1+ 58. Kb8 Ke7 59. Rf2 Ne5 60. Rg2 Nxd7+ 61. Kb7 Kf7 0-1

[Event "Eurasia Open Cup 2019"]
[Site "Ekaterinburg"]
[Date "2019.08.08"]
[Round "8.37"]
[White "Fedotov, Alexey"]
[Black "Tsybikov, Tumen"]
[Result "0-1"]
[ECO "E91"]
[WhiteElo "2141"]
[BlackElo "2281"]
[Annotator "NA"]
[PlyCount "104"]
[EventDate "2019.07.31"]
[EventType "swiss"]
[EventCountry "RUS"]
[SourceTitle "playchess.com"]
[Source "ChessBase"]
[SourceQuality "1"]
[TimeControl "5400+30"]

1. d4 Nf6 2. c4 c5 3. d5 d6 4. Nc3 g6 5. e4 Bg7 6. Nf3 O-O 7. Be2 e6 8. O-O Re8 9. Bf4 e5 10. Bg5 h6 11. Bh4 Rf8 12. Ne1 Qe8 13. Nd3 a6 14. a3 b5 15. b4 g5 16. Bg3 bxc4 17. Nb2 Nbd7 18. Nxc4 Qe7 19. Ne3 Re8 20. Nf5 Qf8 21. f3 Nh5 22. Bf2 Nf4 23. Na4 cxb4 24. axb4 Rb8 25. Rb1 Nf6 26. Nxg7 Qxg7 27. Nb6 Bh3 28. gxh3 Nxh3+ 29. Kh1 Nxf2+ 30. Rxf2 Rxb6 31. Bd3 Reb8 32. Qe1 Qg6 33. Ra2 Nxd5 34. Rxa6 Rxb4 35. Rd1 Nf4 36. Be2 Rd4 37. Rc1 Rxe4 38. Rxd6 Qxd6 39. fxe4 Rb2 40. Bc4 Qa3 41. Qf1 Qe3 42. Re1 Qd2 43. Re2 Qd4 44. Rxb2 Qxb2 45. Bb5 Qc3 46. Ba6 Kg7 47. Bb5 Qe3 48. Bc6 h5 49. Bb7 g4 50. Bc6 h4 51. Bb7 g3 52. hxg3 hxg3 0-1

[Event "Eurasia Open Cup 2019"]
[Site "Ekaterinburg"]
[Date "2019.08.08"]
[Round "8.38"]
[White "Khmelev, Mikhail"]
[Black "Protopopova, Anastasiya"]
[Result "1-0"]
[ECO "B90"]
[WhiteElo "2013"]
[BlackElo "2272"]
[Annotator "NA"]
[PlyCount "49"]
[EventDate "2019.07.31"]
[EventType "swiss"]
[EventCountry "RUS"]
[SourceTitle "playchess.com"]
[Source "ChessBase"]
[SourceQuality "1"]
[TimeControl "5400+30"]

1. e4 c5 2. Nf3 d6 3. d4 cxd4 4. Nxd4 Nf6 5. Nc3 a6 6. h3 e5 7. Nde2 b5 8. g4 b4 9. Nd5 Nxd5 10. Qxd5 Ra7 11. Bg2 Be6 12. Qd1 Rd7 13. Ng3 d5 14. exd5 Bxd5 15. Bxd5 Rxd5 16. Qe2 Be7 17. Be3 O-O 18. O-O Qc7 19. Rad1 Ra5 20. Ra1 Nd7 21. Rfd1 Nf6 22. Nf5 Rc8 23. Bb6 Qxb6 24. Nxe7+ Kf8 25. Nxc8 1-0

[Event "Eurasia Open Cup 2019"]
[Site "Ekaterinburg"]
[Date "2019.08.08"]
[Round "8.39"]
[White "Druchenko, Mikhail"]
[Black "Garifullina, Leya"]
[Result "0-1"]
[ECO "B50"]
[WhiteElo "1829"]
[BlackElo "2268"]
[Annotator "NA"]
[PlyCount "96"]
[EventDate "2019.07.31"]
[EventType "swiss"]
[EventCountry "RUS"]
[SourceTitle "playchess.com"]
[Source "ChessBase"]
[SourceQuality "1"]
[TimeControl "5400+30"]

1. e4 c5 2. Nf3 d6 3. c3 Nf6 4. Bd3 Nc6 5. O-O d5 6. e5 c4 7. Bc2 Nd7 8. Re1 Qc7 9. d4 cxd3 10. Bxd3 e6 11. Bf4 Be7 12. Nbd2 Nb6 13. c4 Nb4 14. Bf1 dxc4 15. Qc1 Bd7 16. a3 N4d5 17. Nxc4 Nxc4 18. Bxc4 Nxf4 19. Qxf4 O-O 20. Rac1 Qb6 21. Qd2 Bc6 22. Qe2 Rfd8 23. Red1 a5 24. Rd3 Rxd3 25. Bxd3 Rd8 26. h3 g6 27. Rc2 Bc5 28. Bc4 Bd4 29. Rd2 Bxf3 30. gxf3 Rc8 31. Rc2 Qd8 32. f4 Qh4 33. Qf3 b5 34. Bd3 Rxc2 35. Bxc2 Bxb2 36. Qe3 Qd8 37. Bd3 b4 38. axb4 axb4 39. Bc2 Bc3 40. Kh2 Qd5 41. Kg3 Bd2 42. Qf3 Qd4 43. Bb3 Kg7 44. Bd1 h5 45. Bc2 Qc4 46. Bb3 Qf1 47. Kh4 Be1 48. Kg3 h4+ 0-1

[Event "Eurasia Open Cup 2019"]
[Site "Ekaterinburg"]
[Date "2019.08.08"]
[Round "8.40"]
[White "Akhtariev, Andrey"]
[Black "Kirillov, Anton"]
[Result "0-1"]
[ECO "A11"]
[WhiteElo "2243"]
[BlackElo "1855"]
[Annotator "NA"]
[PlyCount "165"]
[EventDate "2019.07.31"]
[EventType "swiss"]
[EventCountry "RUS"]
[SourceTitle "playchess.com"]
[Source "ChessBase"]
[SourceQuality "1"]
[TimeControl "5400+30"]

1. c4 c6 2. Nc3 d5 3. e4 dxe4 4. Nxe4 Bf5 5. Ng3 Bg6 6. Nf3 Nd7 7. d4 e6 8. Be2 Ngf6 9. O-O Bd6 10. Bd2 O-O 11. c5 Bc7 12. Qb3 Rb8 13. Rfd1 Nd5 14. Rac1 Qe7 15. Qa3 a6 16. Re1 N7f6 17. Bc4 Bf4 18. Rcd1 Rfd8 19. Bf1 Bxg3 20. hxg3 Bh5 21. b4 Rd7 22. Qb3 Rbd8 23. a4 Nc7 24. Bc3 Nfd5 25. Bb2 Bxf3 26. gxf3 h5 27. f4 Qf6 28. Re5 h4 29. Be2 g6 30. Kg2 Kg7 31. Qf3 Rh8 32. Rh1 Rdd8 33. Bd3 Rh7 34. Bc1 Nxb4 35. Bb1 Nbd5 36. Qg4 Ne7 37. Qf3 hxg3 38. Rxh7+ Kxh7 39. fxg3 Nf5 40. Bb2 Rd5 41. Re1 Nxd4 42. Qe3 Qd8 43. Be4 Rd7 44. Rd1 e5 45. Qd2 Nce6 46. fxe5 Kg8 47. Qb4 Nc2 48. Rxd7 Nxb4 49. Rxd8+ Nxd8 50. Ba3 a5 51. Bc1 Ne6 52. Be3 Na6 53. Bc2 Naxc5 54. Bd2 b6 55. Bd1 Nd4 56. Be3 Nce6 57. Bd2 Kf8 58. Kf2 Ke7 59. g4 Kd7 60. Ke3 c5 61. Kd3 Nc6 62. Bc3 Ned4 63. Ke4 Ke6 64. g5 Nxe5 65. Bxd4 cxd4 66. Kxd4 Kd6 67. Be2 Nc6+ 68. Kc4 Nd8 69. Kb5 Kc7 70. Bf3 Ne6 71. Bd5 Nxg5 72. Bc6 f5 73. Be8 f4 74. Kc4 Nf3 75. Kd3 g5 76. Ke4 Nd2+ 77. Kd3 Nb3 78. Ke4 Nc5+ 79. Kf5 f3 80. Kg4 f2 81. Bb5 Ne4 82. Kf3 f1=Q+ 83. Ke3 0-1

[Event "Eurasia Open Cup 2019"]
[Site "Ekaterinburg"]
[Date "2019.08.08"]
[Round "8.41"]
[White "Manakova, Maria"]
[Black "Voinikonis, Nikita"]
[Result "1-0"]
[ECO "A00"]
[WhiteElo "2237"]
[BlackElo "2137"]
[Annotator "NA"]
[PlyCount "83"]
[EventDate "2019.07.31"]
[EventType "swiss"]
[EventCountry "RUS"]
[SourceTitle "playchess.com"]
[Source "ChessBase"]
[SourceQuality "1"]
[TimeControl "5400+30"]

1. g3 e5 2. Bg2 h5 3. h4 d5 4. d3 Nc6 5. Nf3 Nf6 6. O-O Bc5 7. c3 a5 8. d4 Bd6 9. dxe5 Nxe5 10. Nxe5 Bxe5 11. Nd2 c6 12. c4 O-O 13. cxd5 Nxd5 14. Nc4 Bc7 15. e4 Nb6 16. Ne3 Qxd1 17. Rxd1 Be6 18. Nf5 Rfd8 19. Bd2 Na4 20. Be3 Nxb2 21. Rxd8+ Rxd8 22. Rb1 Rd1+ 23. Rxd1 Nxd1 24. Bd4 Bxa2 25. Nxg7 c5 26. Ba1 c4 27. Bf3 Bb3 28. Nxh5 Bd8 29. Nf6+ Kg7 30. Nd5+ Kh6 31. Kf1 a4 32. Ke1 Ba5+ 33. Kf1 Bd2 34. g4 Bc1 35. g5+ Kg6 36. Bf6 c3 37. Ne7+ Kh7 38. Bg4 Bc4+ 39. Kg2 Be6 40. Bxe6 fxe6 41. g6+ Kh6 42. g7 1-0

[Event "Eurasia Open Cup 2019"]
[Site "Ekaterinburg"]
[Date "2019.08.08"]
[Round "8.42"]
[White "Fomin, Pavel V."]
[Black "Odegov, Artem"]
[Result "1/2-1/2"]
[ECO "A20"]
[WhiteElo "2103"]
[BlackElo "2261"]
[Annotator "NA"]
[PlyCount "83"]
[EventDate "2019.07.31"]
[EventType "swiss"]
[EventCountry "RUS"]
[SourceTitle "playchess.com"]
[Source "ChessBase"]
[SourceQuality "1"]
[TimeControl "5400+30"]

1. c4 e5 2. g3 c6 3. Bg2 Nf6 4. d3 Bb4+ 5. Bd2 Bxd2+ 6. Qxd2 O-O 7. Nf3 Re8 8. O-O d5 9. e3 Bg4 10. h3 Bxf3 11. Bxf3 Qd7 12. Bg2 Na6 13. cxd5 cxd5 14. d4 e4 15. Rc1 Nc7 16. Qe2 Rec8 17. Kh2 Nfe8 18. Nd2 Nd6 19. Rc2 Ne6 20. Rac1 Rxc2 21. Rxc2 Qa4 22. b3 Qd7 23. Nb1 Nf5 24. Qd1 Ne7 25. a3 Rd8 26. Rc3 f5 27. Nd2 Qd6 28. b4 b6 29. Qa4 Qd7 30. Qc2 Rc8 31. Bf1 Rxc3 32. Qxc3 Qc7 33. Qxc7 Nxc7 34. g4 Kf7 35. Kg3 Kf6 36. Be2 Ne6 37. h4 h6 38. Bb5 f4+ 39. Kg2 fxe3 40. fxe3 Nc7 41. Be2 g5 42. h5 1/2-1/2

[Event "Eurasia Open Cup 2019"]
[Site "Ekaterinburg"]
[Date "2019.08.08"]
[Round "8.43"]
[White "Mamontova, Anastasia"]
[Black "Kolay, Alex"]
[Result "1/2-1/2"]
[ECO "C07"]
[WhiteElo "1989"]
[BlackElo "2229"]
[Annotator "NA"]
[PlyCount "48"]
[EventDate "2019.07.31"]
[EventType "swiss"]
[EventCountry "RUS"]
[SourceTitle "playchess.com"]
[Source "ChessBase"]
[SourceQuality "1"]
[TimeControl "5400+30"]

1. e4 e6 2. d4 d5 3. Nd2 c5 4. exd5 Qxd5 5. Ngf3 cxd4 6. Bc4 Qd6 7. Qe2 Nf6 8. Nb3 Nc6 9. Bg5 a6 10. O-O-O Qc7 11. Nbxd4 Nxd4 12. Nxd4 Be7 13. Rhe1 h6 14. Bd2 O-O 15. f4 Bd6 16. g3 b5 17. Bd3 Bb7 18. Nf3 Rfe8 19. Ne5 Nd5 20. Qe4 Nf6 21. Qe2 Nd5 22. Qe4 Nf6 23. Qe2 Rab8 24. g4 Rbd8 1/2-1/2

[Event "Eurasia Open Cup 2019"]
[Site "Ekaterinburg"]
[Date "2019.08.08"]
[Round "8.44"]
[White "Larichev, Dmitry"]
[Black "Ufimtsev, Egor"]
[Result "1/2-1/2"]
[ECO "B15"]
[WhiteElo "2225"]
[BlackElo "2148"]
[Annotator "NA"]
[PlyCount "146"]
[EventDate "2019.07.31"]
[EventType "swiss"]
[EventCountry "RUS"]
[SourceTitle "playchess.com"]
[Source "ChessBase"]
[SourceQuality "1"]
[TimeControl "5400+30"]

1. e4 c6 2. d4 d5 3. Nc3 dxe4 4. Nxe4 Nf6 5. Nxf6+ exf6 6. Bf4 Qb6 7. Qe2+ Be6 8. O-O-O Be7 9. c4 O-O 10. Qc2 Qa5 11. Kb1 Na6 12. Bd2 Nb4 13. Bxb4 Bxb4 14. Bd3 h6 15. Ne2 Bd6 16. Ng3 Rfd8 17. Bh7+ Kh8 18. Be4 Rac8 19. Rhe1 b5 20. Bf5 Bxc4 21. b3 Rb8 22. Ne4 Bf8 23. Re3 Be6 24. Bxe6 fxe6 25. Qxc6 Qb6 26. Qxb6 Rxb6 27. Red3 f5 28. Nc3 b4 29. Ne2 Rbd6 30. h4 Be7 31. h5 Bf6 32. f3 Kg8 33. Nf4 Bg5 34. Ng6 Bf6 35. Nf4 Bg5 36. Ng6 Bf6 37. Nf4 Kf7 38. d5 exd5 39. Nxd5 a5 40. Nxb4 Rxd3 41. Nxd3 Rd4 42. g3 Ke7 43. Kc2 Rd8 44. Re1+ Kd6 45. Nb2 Rc8+ 46. Nc4+ Kd5 47. Kd3 Kc5 48. Ne3 Kb4 49. Nxf5 Rc3+ 50. Ke4 Rc2 51. Re3 Rxa2 52. Nd6 Rd2 53. Ne8 Bc3 54. Nc7 Kxb3 55. Nb5 Rc2 56. Nd4+ Kb2 57. Nxc2 Kxc2 58. Kd5 Kb3 59. Re7 a4 60. Rb7+ Bb4 61. Rxg7 a3 62. Ra7 a2 63. Rxa2 Kxa2 64. Ke6 Kb3 65. f4 Kc4 66. Kf7 Kd5 67. Kg7 Be1 68. g4 Ke4 69. Kxh6 Kxf4 70. g5 Bc3 71. g6 Kg4 72. g7 Bxg7+ 73. Kxg7 Kxh5 1/2-1/2

[Event "Eurasia Open Cup 2019"]
[Site "Ekaterinburg"]
[Date "2019.08.09"]
[Round "9.4"]
[White "Khismatullin, Denis"]
[Black "Shubin, Kirill"]
[Result "1-0"]
[ECO "E30"]
[WhiteElo "2618"]
[BlackElo "2426"]
[Annotator "RC"]
[PlyCount "59"]
[EventDate "2019.07.31"]
[EventType "swiss"]
[EventCountry "RUS"]
[SourceTitle "playchess.com"]
[Source "ChessBase"]
[SourceQuality "1"]
[TimeControl "5400+30"]

1. d4 e6 2. c4 Nf6 3. Nc3 Bb4 4. Bg5 b6 5. f3 O-O 6. e4 d6 7. Bd3 h6 8. Bh4 Nbd7 9. Nge2 c5 10. a3 Bxc3+ 11. bxc3 Qc7 12. O-O Bb7 13. a4 Rfc8 14. d5 Re8 15. Qc2 exd5 16. exd5 Ba6 17. Ng3 Kf8 18. f4 g6 19. Bxg6 Bxc4 20. Bf5 Ng8 21. Bd3 Bxd5 22. Bb5 f6 23. Rad1 Be6 24. Qg6 Re7 25. Nh5 c4 26. Kh1 Rd8 27. Bxd7 Rdxd7 28. Bxf6 Nxf6 29. Qxf6+ Kg8 30. f5 1-0